 Dungeon Crawl Stone Soup version 0.22-a0-369-gc73351f (webtiles) character file.

9721 Amnesiac the Archer (level 11, 0/72 HPs)
             Began as a Mummy Hunter on Apr 24, 2018.
             Was a High Priest of Okawaru.
             Slain by an orc warrior
             ... wielding a +0 war axe
              (10 damage)
             ... on level 1 of the Orcish Mines.
             The game lasted 00:14:11 (9550 turns).

Amnesiac the Archer (Mummy Hunter)                  Turns: 9550, Time: 00:14:12

Health: 0/72       AC: 14    Str: 21    XL:     11   Next: 26%
Magic:  11/11      EV: 10    Int: 12    God:    Okawaru [*****.]
Gold:   841        SH:  0    Dex: 20    Spells: 10/10 levels left

rFire    x . .     SeeInvis .   a - +1 longbow
rCold    + . .     Gourm    .   (shield currently unavailable)
rNeg     + + +     Faith    .   D - +4 ring mail {MR+}
rPois    ∞         Spirit   .   z - +0 helmet
rElec    .         Reflect  .   p - +0 cloak
rCorr    .         Harm     .   m - +1 pair of gloves {Dex+3}
MR       ++...                  t - +0 pair of boots
Stlth    +.........             r - amulet "Dayh" {+Rage Str+3 Dex+5}
HPRegen  0.22/turn              i - +6 ring of slaying
MPRegen  0.12/turn              (no ring)

@: heavily drained
A: no food or potions, fire vulnerability, cold resistance 1, negative energy
resistance 3, torment resistance, unbreathing
a: Heroism, Finesse, Renounce Religion


You were on level 1 of the Orcish Mines.
You worshipped Okawaru.
Okawaru was extremely pleased with you.
You were not hungry.

You visited 3 branches of the dungeon, and saw 12 of its levels.
You also visited: Sewer.

You collected 1093 gold pieces.
You spent 252 gold pieces at shops.

Inventory:

Hand Weapons
 a - a +1 longbow (weapon)
 b - a +0 hunting sling
 n - a +0 short sword
 u - a +1 dagger of venom
 B - the +9 mace of Quehafo {elec, Int+5, unknown}
   (You found it on level 9 of the Dungeon)

   Occasionally, upon striking a foe, it will discharge some electrical energy
   and cause terrible harm.
   It affects your intelligence (+5).
Missiles
 d - 249 arrows (quivered)
 o - 295 stones
 s - 82 sling bullets
Armour
 m - a +1 pair of gloves of dexterity (worn)
 p - a +0 cloak (worn)
 t - a +0 pair of boots (worn)
 z - a +0 helmet (worn)
 D - a +4 ring mail of magic resistance (worn)
Jewellery
 i - a +6 ring of slaying (left hand)
 r - the amulet "Dayh" (around neck) {+Rage Str+3 Dex+5}
   (You found it on level 5 of the Dungeon)

   [amulet of rage]

   It affects your strength (+3).
   It affects your dexterity (+5).
   It lets you go berserk.
 C - a +5 amulet of reflection
Wands
 x - a wand of flame (18)
Scrolls
 c - 5 scrolls of remove curse {!r}
 e - 4 scrolls of magic mapping {!r, unknown}
 f - a scroll of amnesia {!r, unknown}
 g - a scroll of immolation {!r}
 h - a scroll of fear {!r, unknown}
 j - 4 scrolls of teleportation {!r}
 k - 6 scrolls of fog {!r}
 q - a scroll of identify {!r}
 v - a scroll of holy word {!r, unknown}
 w - a scroll of enchant armour {!r, unknown}


   Skills:
 - Level 2.0(0.4) Fighting
 + Level 14.5(12.2) Bows
 - Level 1.5(0.0) Armour
 - Level 1.5(0.0) Dodging
 - Level 0.7(0.0) Stealth


You had 10 spell levels left.
You didn't know any spells.

Dungeon Overview and Level Annotations

Branches:
Dungeon (9/15)             Temple (1/1) D:7            Lair (0/6) D:9
    Orc (2/2) D:9
    Elf: Orc:2

Altars:
Ashenzari
Dithmenos
Elyvilon
Fedhas
Kikubaaqudgha
Nemelex Xobeh
Okawaru
Qazlal
Sif Muna
Trog
Wu Jian
Yredelemnul
Zin
The Shining One
Beogh

Shops:
D:4 **   D:5 :   D:6 (*(}   D:9 (


Innate Abilities, Weirdness & Mutations

You do not eat or drink.
Your flesh is vulnerable to fire.
You are immune to poison.
Your flesh is cold resistant. (rC+)
You are immune to negative energy. (rN+++)
You are immune to unholy pain and torment.
You can survive without breathing.


Message History

Aim: an orc, wielding a falchion and wearing a chain mail (severely wounded)
You shoot an arrow. The arrow barely misses the orc.
The orc hits you with a falchion. The orc warrior barely misses you.
Firing (i - inventory. (/) - cycle)
d - 258 arrows (quivered)
Press: ? - help, Shift-Dir - straight line, f/p - orc
Aim: an orc, wielding a falchion and wearing a chain mail (severely wounded)
You shoot an arrow. The arrow hits the orc.
You kill the orc!
Okawaru accepts your kill.
Firing (i - inventory. (/) - cycle)
d - 257 arrows (quivered)
Press: ? - help, Shift-Dir - straight line, f - orc warrior
Aim: an orc warrior, wielding a war axe and wearing a chain mail You shoot an arrow.
The arrow closely misses the orc warrior.
The orc warrior hits you with a war axe!
* * * LOW HITPOINT WARNING * * *
Firing (i - inventory. (/) - cycle)
d - 256 arrows (quivered)
Press: ? - help, Shift-Dir - straight line, f/p - orc warrior
Aim: an orc warrior, wielding a war axe and wearing a chain mail You shoot an arrow.
The arrow hits the orc warrior.
The orc warrior is lightly wounded.
The orc warrior hits you but does no damage.
Firing (i - inventory. (/) - cycle)
d - 255 arrows (quivered)
Press: ? - help, Shift-Dir - straight line, f/p - orc warrior
Aim: an orc warrior, wielding a war axe and wearing a chain mail (lightly wounded)
You shoot an arrow.
The arrow closely misses the orc warrior.
The orc warrior completely misses you.
Firing (i - inventory. (/) - cycle)
d - 254 arrows (quivered)
Press: ? - help, Shift-Dir - straight line, f/p - orc warrior
Aim: an orc warrior, wielding a war axe and wearing a chain mail (lightly wounded)
You shoot an arrow.
The arrow closely misses the orc warrior.
The orc warrior closely misses you.
Firing (i - inventory. (/) - cycle)
d - 253 arrows (quivered)
Press: ? - help, Shift-Dir - straight line, f/p - orc warrior
Aim: an orc warrior, wielding a war axe and wearing a chain mail (lightly wounded)
You shoot an arrow. The arrow hits the orc warrior!
The orc warrior is severely wounded.
The orc warrior hits you with a war axe!
* * * LOW HITPOINT WARNING * * *
You are too injured to fight recklessly!
Firing (i - inventory. (/) - cycle)
d - 252 arrows (quivered)
Press: ? - help, Shift-Dir - straight line, f/p - orc warrior
Aim: an orc warrior, wielding a war axe and wearing a chain mail (severely wounded)
You shoot an arrow.
The arrow closely misses the orc warrior.
The orc warrior hits you but does no damage.
Unknown command.
Firing (i - inventory. (/) - cycle)
d - 251 arrows (quivered)
Press: ? - help, Shift-Dir - straight line, f/p - orc warrior
Aim: an orc warrior, wielding a war axe and wearing a chain mail (severely wounded)
You shoot an arrow.
The arrow completely misses the orc warrior.
The orc warrior hits you with a war axe!
* * * LOW HITPOINT WARNING * * *
Unknown command.
Firing (i - inventory. (/) - cycle)
d - 250 arrows (quivered)
Press: ? - help, Shift-Dir - straight line, f/p - orc warrior
Aim: an orc warrior, wielding a war axe and wearing a chain mail (severely wounded)
You shoot an arrow. The arrow hits the orc warrior.
The orc warrior is almost dead.
The orc warrior hits you with a war axe!
You die...

##...........).#....###....##
###
#...............#....#.(..##
......#....##..#..........##
#..............#.........#.##
#.......................#...#
................[....#.....##
....................#.......#
#.......#......[.o.........##
#...............@...........#
.#.............)...........##
.#.....................##.##
........................#.###
.............>.........#....##
.#.....................##....#
.......................####.##
........._...............####
................#####.....##


You could see an orc warrior.

Vanquished Creatures
  3 two-headed ogres
  Urug (Orc:1)
  2 orc knights (Orc:1)
  A cyclops (Orc:1)
  2 orc sorcerers (Orc:1)
  6 gargoyles (D:8)
  A hippogriff (D:8)
  A wyvern (D:8)
  A hungry ghost (D:9)
  A black bear (D:9)
  2 ice beasts
  4 orc warriors
  A necrophage (D:9)
  A crocodile (D:9)
  3 ogres
  A big kobold (Sewer)
  A bullfrog (D:6)
  A scorpion (D:7)
  7 killer bees (D:9)
  2 howler monkeys (D:9)
  A crimson imp (D:5)
  A bullfrog skeleton (D:8)
  2 hounds
  A centaur skeleton (D:6)
  3 jellies (D:9)
  8 orc priests
  8 orc wizards
  3 iguanas
  6 worker ants
  A killer bee zombie (D:6)
  A hound skeleton (D:4)
  A howler monkey zombie (D:6)
  4 gnolls (D:4)
  6 adders
  2 shadow imps (D:9)
  5 oozes (D:9)
  An adder skeleton (D:6)
  An adder zombie (D:5)
  5 worms
  2 dart slugs
  3 leopard geckos
  49 orcs
  2 ball pythons (D:5)
  4 bats
  8 giant cockroaches
  A goblin (D:1)
  3 hobgoblins (D:2)
  7 jackals
  7 quokkas
  6 frilled lizards (D:2)
  7 kobolds
  A leopard gecko skeleton (D:5)
  A quokka skeleton (D:4)
  13 rats
216 creatures vanquished.

Notes
Turn   | Place    | Note
-------+----------+-------------------------------------------
     0 | D:1      | Amnesiac the Mummy Hunter began the quest for the Orb.
     0 | D:1      | Reached XP level 1. HP: 16/16 MP: 1/1
   317 | D:1      | Reached XP level 2. HP: 22/22 MP: 2/2
   822 | D:2      | Reached skill level 4 in Bows
  1246 | D:2      | Reached XP level 3. HP: 27/27 MP: 3/3
  1536 | D:3      | Found a bloodstained altar of Trog.
  1590 | D:3      | Found a deep blue altar of Sif Muna.
  1591 | D:3      | Found an ancient bone altar of Kikubaaqudgha.
  2029 | D:3      | Reached XP level 4. HP: 33/33 MP: 4/4
  2068 | D:3      | Found an iron altar of Okawaru.
  2074 | D:3      | Became a worshipper of Warmaster Okawaru
  2277 | D:3      | Found a blossoming altar of Fedhas.
  2280 | D:3      | Found a glowing silver altar of Zin.
  2283 | D:3      | Found a shattered altar of Ashenzari.
  2470 | D:3      | Reached skill level 5 in Bows
  2531 | D:4      | Found Tarchun's Serpentskin Sales.
  2561 | D:4      | Reached XP level 5. HP: 31/38 MP: 5/5
  2731 | D:4      | Found Caix's Assorted Antiques.
  2740 | D:4      | Bought a scroll labeled QOUDAD HEITU for 20 gold pieces
  3012 | D:4      | Reached skill level 6 in Bows
  3017 | D:4      | Reached XP level 6. HP: 44/44 MP: 6/6
  3144 | D:4      | Found a glowing golden altar of the Shining One.
  3305 | D:5      | Entered Level 5 of the Dungeon
  3384 | D:5      | Found Fono's Book Emporium.
  3396 | D:5      | Got a glittering golden amulet
  3422 | D:5      | Identified the amulet "Dayh" {+Rage Str+3 Dex+5} (You found it on level 5 of the Dungeon)
  3511 | D:5      | Reached * piety under Okawaru
  3523 | D:5      | Found a glowing drain.
  3532 | D:5      | Reached skill level 1 in Armour
  3569 | Sewer    | Entered a sewer
  3674 | Sewer    | Reached skill level 7 in Bows
  3674 | Sewer    | Reached XP level 7. HP: 50/50 MP: 7/7
  3716 | Sewer    | Found a glowing silver altar of Zin.
  3778 | D:5      | Found a sparkling altar of Nemelex Xobeh.
  3918 | D:5      | Found an ornate altar of the Wu Jian Council.
  4488 | D:6      | Reached ** piety under Okawaru
  4511 | D:6      | Found Necuc's Antique Weapon Shoppe.
  4525 | D:6      | Bought a longbow for 85 gold pieces
  4535 | D:6      | Reached skill level 8 in Bows
  4564 | D:6      | Reached XP level 8. HP: 44/56 MP: 8/8
  4656 | D:6      | Found Oxkiets's Antique Weapon Shoppe.
  4670 | D:6      | Found Xuohel's General Store.
  4678 | D:6      | Bought 18 arrows for 39 gold pieces
  4678 | D:6      | Bought 27 arrows for 59 gold pieces
  4785 | D:6      | Found Rudu Foe's Gadget Boutique.
  5151 | D:7      | Got a fine scale mail
  5163 | D:7      | Identified the cursed +0 scale mail "Fupiagh" {*Drain rElec Int+7 Stlth+} (You found it on level 7 of the Dungeon)
  5340 | D:7      | Found a staircase to the Ecumenical Temple.
  5451 | D:7      | Found a white marble altar of Elyvilon.
  5740 | Temple   | Entered the Ecumenical Temple
  6080 | D:8      | Noticed a gargoyle
  6085 | D:8      | HP: 1/56 [gargoyle/mace of holy wrath (12)]
  6451 | D:8      | Reached skill level 9 in Bows
  6467 | D:8      | Noticed a two-headed ogre
  6473 | D:8      | Killed a two-headed ogre
  6473 | D:8      | Reached *** piety under Okawaru
  6473 | D:8      | Received a gift from Okawaru
  6473 | D:8      | Reached skill level 10 in Bows
  6546 | D:8      | Reached XP level 9. HP: 61/61 MP: 9/9
  6596 | D:8      | Killed a gargoyle
  6596 | D:8      | Received a gift from Okawaru
  6759 | D:8      | Noticed a gargoyle
  6764 | D:8      | Killed a gargoyle
  6764 | D:8      | Reached skill level 11 in Bows
  6765 | D:8      | Noticed a gargoyle
  6771 | D:8      | Killed a gargoyle
  6771 | D:8      | Reached **** piety under Okawaru
  6857 | D:8      | Noticed a gargoyle
  6862 | D:8      | Killed a gargoyle
  6876 | D:8      | Noticed a gargoyle
  6880 | D:8      | Killed a gargoyle
  6880 | D:8      | Reached skill level 12 in Bows
  7076 | D:8      | Noticed a gargoyle
  7080 | D:8      | Killed a gargoyle
  7080 | D:8      | Received a gift from Okawaru
  7080 | D:8      | Reached XP level 10. HP: 62/67 MP: 7/10
  7307 | D:9      | Found Umilien's Weapon Shop.
  7307 | D:9      | Noticed a two-headed ogre
  7316 | D:9      | Killed a two-headed ogre
  7316 | D:9      | Received a gift from Okawaru
  7316 | D:9      | Reached ***** piety under Okawaru
  7316 | D:9      | Received a gift from Okawaru
  7323 | D:9      | Found a staircase to the Orcish Mines.
  7413 | D:9      | Found a basalt altar of Yredelemnul.
  7484 | D:9      | Found a staircase to the Lair.
  7503 | D:9      | Noticed a two-headed ogre
  7508 | D:9      | Killed a two-headed ogre
  7508 | D:9      | Received a gift from Okawaru
  7508 | D:9      | Reached skill level 13 in Bows
  7902 | D:6      | Bought a +0 helmet for 49 gold pieces
  8170 | D:9      | Got a brightly glowing mace
  8421 | Orc:1    | Entered Level 1 of the Orcish Mines
  8457 | Orc:1    | Noticed a cyclops
  8471 | Orc:1    | Killed a cyclops
  8750 | Orc:1    | Received a gift from Okawaru
  8818 | Orc:1    | Found a roughly hewn altar of Beogh.
  8886 | Orc:1    | Noticed an orc knight
  8894 | Orc:1    | Noticed an orc sorcerer
  8898 | Orc:1    | Killed an orc knight
  8898 | Orc:1    | Reached XP level 11. HP: 53/72 MP: 8/11
  8908 | Orc:1    | Killed an orc sorcerer
  8908 | Orc:1    | Reached skill level 14 in Bows
  9087 | Orc:1    | Found a roughly hewn altar of Beogh.
  9143 | Orc:1    | Noticed an orc sorcerer
  9146 | Orc:1    | Killed an orc sorcerer
  9147 | Orc:1    | Noticed an orc knight
  9159 | Orc:1    | Noticed Urug
  9161 | Orc:1    | Killed an orc knight
  9172 | Orc:1    | Killed Urug
  9172 | Orc:1    | Received a gift from Okawaru
  9534 | Orc:2    | Entered Level 2 of the Orcish Mines
  9550 | Orc:1    | Slain by an orc warrior

Vault maps used:
D:1:      eino_arrival_druids_welcome
D:2:      minivault_27
D:3:      overflow_temple_1_default, grunt_temple_overflow_cloverleaf,
          gammafunk_temple_overflow_pools
D:4:      marbit_many_paths, first_ration, serial_shops,
          nicolae_shop_overgrown_old_shop, guppyfry_shop_venom
D:5:      old_standard_altar, old_standard_altar, portal_sewer_entry_a,
          serial_shops, shop
D:6:      lemuel_ice_spiral_2, serial_shops, nicolae_shop_crystal,
          nicolae_shop_stone, nicolae_shop_stone, shop
D:7:      kennysheep_mini_moat, minmay_temple_entry_statues_fountains
D:8:      cheibrodos_statue_roulette
D:9:      yredelemnul_altar_generic, lair_entry_dummy, orc_david_3,
          hangedman_little_slice_of_home
Temple:   dpeg_chambers_temple
Orc:1:    basic_altar, mines1_david, uniq_urug
Orc:2:    grunt_orc_cross, serial_shops, shop, led_sif_book
Sewer:    sewer_kobolds

Skill      XL: |  1  2  3  4  5  6  7  8  9 10 11 |
---------------+----------------------------------+-----
Bows           | 4 5 6 7 8 10 12 13 14 | 14.5
Armour         | 1 |  1.5
Fighting       | |  2.0
Dodging        | |  1.5
Stealth        | |  0.7

Action                   |  1- 3 |  4- 6 |  7- 9 | 10-12 || total
-------------------------+-------+-------+-------+-------++-------
 Fire: Shortbow          |    79 |   141 |       |       ||   220
       Hunting sling     |    82 |    18 |   137 |       ||   237
       Longbow           |       |       |    89 |   171 ||   260
Invok: Heroism           |       |       |     8 |     5 ||    13
  Use: Scroll            |       |     5 |     2 |     2 ||     9
Armor: Ring mail         |    36 |    18 |       |     5 ||    59
       Chain mail        |       |     9 |    41 |       ||    50
       Scale mail        |       |       |     7 |    30 ||    37
Dodge: Dodged            |    43 |    30 |    52 |    43 ||   168

Table legend:
 A = Spawn XP
 B = Non-spawn XP
 C = Spawn XP percentage of total XP
 D = Spawn monster count
 E = Non-spawn monster count
 F = Spawn count percentage of total count
 G = Total turns spent on level
                    A         B        C        D         E        F      G
               +---------+---------+-------+---------+---------+-------+---------
         Total |       0 |   13888 |   0.0 |       0 |     216 |   0.0 |  9550
               +---------+---------+-------+---------+---------+-------+---------
           D:1 |       0 |      12 |   0.0 |       0 |       9 |   0.0 |   598
           D:2 |       0 |      33 |   0.0 |       0 |      17 |   0.0 |   847
           D:3 |       0 |     129 |   0.0 |       0 |      20 |   0.0 |  1076
           D:4 |       0 |     305 |   0.0 |       0 |      18 |   0.0 |   857
           D:5 |       0 |     385 |   0.0 |       0 |      36 |   0.0 |   681
           D:6 |       0 |     504 |   0.0 |       0 |      26 |   0.0 |   959
           D:7 |       0 |     138 |   0.0 |       0 |       7 |   0.0 |   939
           D:8 |       0 |    4376 |   0.0 |       0 |      19 |   0.0 |  1244
           D:9 |       0 |    3583 |   0.0 |       0 |      32 |   0.0 |  1031
         Orc:1 |       0 |    4308 |   0.0 |       0 |      21 |   0.0 |  1124
         Sewer |       0 |     115 |   0.0 |       0 |      11 |   0.0 |   185
               +---------+---------+-------+---------+---------+-------+---------
